[ AOE2 MATCH · #469253979 ]
UnrankedJapanese vs Mapuche
[ REPLAY ANALYSIS · EXTRACTED FROM THE RECORDED GAME ]
Feudal
12:18
Castle
15:55
Imperial
34:03
| APM avg | 34.9 |
| APM peak | 88 |
| eAPM avg | 25.3 |
| Villagers / military | 112 / 267 |
Focus
⚔️ 40.6% · 🌾 59.4%
Samurai ×264 · Fishing Ship ×37 · Trade Cart ×6 · Trebuchet (Packed) ×2 · Petard ×1
Feudal
10:51
Castle
21:19
Imperial
33:04
| APM avg | 25.8 |
| APM peak | 59 |
| eAPM avg | 20.1 |
| Villagers / military | 177 / 45 |
Focus
⚔️ 23.4% · 🌾 76.6%
Bolas Rider ×26 · Petard ×10 · Mangonel ×7 · Monk ×1 · Trebuchet (Packed) ×1
Feudal
12:22
Castle
22:37
Imperial
33:04
| APM avg | 61.8 |
| APM peak | 100 |
| eAPM avg | 33.1 |
| Villagers / military | 161 / 130 |
Focus
⚔️ 40.4% · 🌾 59.6%
Knight ×92 · Camel Scout ×15 · Battering Ram ×7 · Trade Cart ×5 · Scout Cavalry ×5 · Steppe Lancer ×5
Feudal
11:24
Castle
15:00
Imperial
28:03
| APM avg | 28.9 |
| APM peak | 68 |
| eAPM avg | 18.8 |
| Villagers / military | 133 / 158 |
Focus
⚔️ 28.9% · 🌾 71.1%
Knight ×147 · Fishing Ship ×55 · Camel Scout ×6 · Trebuchet (Packed) ×5
Feudal
13:37
Castle
21:23
Imperial
—
| APM avg | 17.3 |
| APM peak | 58 |
| eAPM avg | 11.9 |
| Villagers / military | 51 / 0 |
Focus
⚔️ 28.4% · 🌾 71.6%
Fishing Ship ×7
Feudal
11:22
Castle
15:37
Imperial
28:53
| APM avg | 33.4 |
| APM peak | 79 |
| eAPM avg | 24.8 |
| Villagers / military | 167 / 93 |
Focus
⚔️ 23.1% · 🌾 76.9%
Battle Elephant ×77 · Ballista Elephant ×7 · Battering Ram ×6 · Trade Cart ×3 · Trebuchet (Packed) ×2 · Monk ×1
Feudal
12:01
Castle
16:32
Imperial
38:02
| APM avg | 41.1 |
| APM peak | 104 |
| eAPM avg | 20.7 |
| Villagers / military | 108 / 42 |
Focus
⚔️ 18.0% · 🌾 82.0%
Spearman ×15 · Fishing Ship ×12 · Archer ×10 · Mangonel ×10 · Scorpion ×6 · Fire Galley ×1
Feudal
8:26
Castle
18:25
Imperial
32:38
| APM avg | 25.9 |
| APM peak | 60 |
| eAPM avg | 17.2 |
| Villagers / military | 154 / 106 |
Focus
⚔️ 26.6% · 🌾 73.4%
Mangudai ×102 · Trade Cart ×15 · Monk ×2 · Militia ×2
Match map
Initial resources + every placement click. Lines = walls · curves = elevation contours. ◆ gold · ⬟ stone · ● berries · ✦ relic · ◌ wall gap
Your base· ✓ Closed at 15:55 · 18t walls · no gate
InGodWeTrust's base· ✓ Closed at 21:19 · 83t walls · no gate
Denosumab's base· ✓ Closed at 22:37 · 14t walls · no gate
aoclearnarabia's base· ✓ Closed at 15:00 · 0t walls · no gate
Tk_Dael 14's base· ✓ Closed at 21:23 · 60t walls · 2 gate(s)
Melonfighter's base· ✓ Closed at 15:37 · 9t walls · 1 gate(s)
XERSVIRUS's base· ✓ Closed at 16:32 · 0t walls · no gate
Kn0wn's base· ✓ Closed at 18:25 · 31t walls · no gate
Smoothed initial terrain · ◌ = detected wall gap · hover for details
Inputs per minute
— comastar - - InGodWeTrust
Build order — comastar
First 150 of 425 actions detected
| 0:01 | Create | Villager (Male) |
| 0:01 | Create | Villager (Male) |
| 0:02 | Build | House |
| 0:03 | Build | House |
| 0:25 | Create | Villager (Male) |
| 0:28 | Create | Villager (Male) |
| 0:29 | Create | Villager (Male) |
| 1:30 | Create | Villager (Male) |
| 1:30 | Create | Villager (Male) |
| 1:44 | Build | Lumber Camp |
| 1:49 | Create | Villager (Male) |
| 2:22 | Create | Villager (Male) |
| 2:58 | Create | Villager (Male) |
| 2:58 | Create | Villager (Male) |
| 3:22 | Build | House |
| 3:32 | Create | Villager (Male) |
| 3:33 | Create | Villager (Male) |
| 4:03 | Create | Villager (Male) |
| 4:03 | Create | Villager (Male) |
| 4:07 | Build | Dock |
| 4:30 | Create | Villager (Male) |
| 4:30 | Create | Villager (Male) |
| 4:55 | Create | Villager (Male) |
| 4:55 | Create | Villager (Male) |
| 4:59 | Create | Fishing Ship |
| 5:36 | Create | Villager (Male) |
| 5:37 | Create | Fishing Ship |
| 5:54 | Build | House |
| 6:08 | Create | Villager (Male) |
| 6:16 | Create | Fishing Ship |
| 6:16 | Create | Fishing Ship |
| 6:28 | Build | House |
| 6:40 | Create | Villager (Male) |
| 6:53 | Create | Villager (Male) |
| 7:03 | Build | Mill |
| 7:14 | Create | Villager (Male) |
| 7:28 | Create | Fishing Ship |
| 7:36 | Create | Villager (Male) |
| 7:50 | Create | Villager (Male) |
| 7:59 | Create | Fishing Ship |
| 8:11 | Build | House |
| 8:14 | Create | Villager (Male) |
| 8:24 | Create | Fishing Ship |
| 9:01 | Create | Villager (Male) |
| 9:05 | Build | Mining Camp |
| 9:10 | Create | Fishing Ship |
| 9:22 | Create | Villager (Male) |
| 9:43 | Research | Feudal Age |
| 9:46 | Build | Mining Camp |
| 10:11 | Create | Fishing Ship |
| 10:33 | Build | Lumber Camp |
| 10:56 | Create | Villager (Male) |
| 11:25 | Build | House |
| 11:26 | Build | House |
| 11:29 | Create | Villager (Male) |
| 12:18 | Age | Feudal Age |
| 12:22 | Build | Market |
| 12:26 | Build | Blacksmith |
| 13:15 | Research | Castle Age |
| 13:15 | Research | Castle Age |
| 13:37 | Build | House |
| 13:45 | Build | Dock |
| 14:06 | Build | Stone Wall |
| 14:12 | Build | Stone Wall |
| 14:31 | Research | Tech 906 |
| 14:36 | Research | Double-Bit Axe |
| 14:36 | Research | Double-Bit Axe |
| 14:39 | Build | Fish Trap |
| 14:40 | Build | Fish Trap |
| 14:40 | Build | Fish Trap |
| 14:43 | Create | Fishing Ship |
| 15:32 | Create | Villager (Male) |
| 15:36 | Create | Fishing Ship |
| 15:55 | Age | Castle Age |
| 15:58 | Build | Castle |
| 16:01 | Create | Villager (Male) |
| 16:14 | Build | Lumber Camp |
| 16:30 | Create | Villager (Male) |
| 16:34 | Build | Stone Wall |
| 16:40 | Create | Fishing Ship |
| 16:41 | Create | Fishing Ship |
| 16:45 | Build | Fish Trap |
| 16:45 | Build | Fish Trap |
| 16:50 | Build | Fish Trap |
| 16:59 | Create | Samurai |
| 16:59 | Create | Petard |
| 17:03 | Create | Villager (Male) |
| 17:27 | Create | Samurai |
| 17:27 | Create | Samurai |
| 17:28 | Create | Villager (Male) |
| 17:28 | Create | Villager (Male) |
| 17:33 | Create | Fishing Ship |
| 17:34 | Build | Fish Trap |
| 17:36 | Build | Fish Trap |
| 17:48 | Create | Samurai |
| 17:58 | Build | Fish Trap |
| 18:21 | Create | Samurai |
| 18:22 | Create | Villager (Male) |
| 18:25 | Build | Mining Camp |
| 18:34 | Create | Samurai |
| 18:35 | Create | Villager (Male) |
| 18:41 | Create | Villager (Male) |
| 18:45 | Create | Fishing Ship |
| 18:45 | Create | Fishing Ship |
| 18:49 | Create | Villager (Male) |
| 18:52 | Build | Dock |
| 19:03 | Create | Samurai |
| 19:16 | Create | Samurai |
| 19:26 | Create | Samurai |
| 19:36 | Build | Mining Camp |
| 19:39 | Create | Fishing Ship |
| 19:40 | Create | Fishing Ship |
| 19:42 | Create | Fishing Ship |
| 19:45 | Build | Fish Trap |
| 19:45 | Build | Fish Trap |
| 19:48 | Create | Villager (Male) |
| 19:59 | Create | Samurai |
| 20:02 | Create | Samurai |
| 20:13 | Create | Villager (Male) |
| 20:14 | Create | Samurai |
| 20:23 | Create | Samurai |
| 20:38 | Create | Samurai |
| 20:46 | Research | Scale Mail Armor |
| 20:49 | Research | Loom |
| 20:50 | Research | Loom |
| 20:50 | Create | Villager (Male) |
| 20:54 | Build | House |
| 20:54 | Build | House |
| 20:57 | Build | House |
| 20:57 | Build | House |
| 21:06 | Create | Villager (Male) |
| 21:09 | Build | Barracks |
| 21:16 | Create | Samurai |
| 21:27 | Create | Samurai |
| 21:27 | Create | Samurai |
| 21:32 | Create | Villager (Male) |
| 21:32 | Create | Villager (Male) |
| 21:43 | Create | Villager (Male) |
| 21:51 | Create | Fishing Ship |
| 21:52 | Create | Fishing Ship |
| 21:55 | Create | Fishing Ship |
| 21:55 | Create | Fishing Ship |
| 22:00 | Create | Samurai |
| 22:00 | Create | Samurai |
| 22:13 | Create | Samurai |
| 22:27 | Build | Castle |
| 22:29 | Build | Mining Camp |
| 22:47 | Research | Squires |
| 22:48 | Research | Forging |
| 22:51 | Research | Arson |
Build order — InGodWeTrust
First 150 of 371 actions detected
| 0:01 | Create | Villager (Male) |
| 0:04 | Build | House |
| 0:05 | Build | House |
| 0:18 | Research | Loom |
| 0:33 | Create | Villager (Male) |
| 0:35 | Create | Villager (Male) |
| 0:36 | Create | Villager (Male) |
| 1:15 | Build | Palisade Wall |
| 1:55 | Build | Settlement |
| 1:56 | Create | Villager (Male) |
| 2:39 | Create | Villager (Male) |
| 3:01 | Create | Villager (Male) |
| 3:10 | Build | Palisade Wall |
| 3:36 | Create | Villager (Male) |
| 3:37 | Create | Villager (Male) |
| 4:12 | Create | Villager (Male) |
| 4:38 | Create | Villager (Male) |
| 4:57 | Create | Villager (Male) |
| 4:57 | Create | Villager (Male) |
| 5:34 | Create | Villager (Male) |
| 5:59 | Build | Settlement |
| 6:03 | Create | Villager (Male) |
| 6:23 | Create | Villager (Male) |
| 6:24 | Create | Villager (Male) |
| 6:24 | Create | Villager (Male) |
| 6:34 | Create | Villager (Male) |
| 6:55 | Build | Palisade Wall |
| 7:27 | Build | Palisade Wall |
| 7:35 | Create | Villager (Male) |
| 7:50 | Build | Palisade Wall |
| 8:05 | Build | Palisade Wall |
| 8:07 | Create | Villager (Male) |
| 8:41 | Research | Feudal Age |
| 8:50 | Build | Palisade Wall |
| 8:55 | Build | Palisade Wall |
| 8:58 | Build | Palisade Wall |
| 9:17 | Build | Palisade Wall |
| 9:54 | Build | Palisade Wall |
| 10:08 | Create | Villager (Male) |
| 10:18 | Build | Palisade Wall |
| 10:29 | Build | Palisade Wall |
| 10:51 | Age | Feudal Age |
| 11:02 | Build | Watch Tower |
| 11:05 | Create | Villager (Male) |
| 11:06 | Create | Villager (Male) |
| 11:17 | Build | Settlement |
| 11:28 | Build | Stone Wall |
| 11:52 | Build | House |
| 12:11 | Create | Villager (Male) |
| 12:11 | Create | Villager (Male) |
| 12:11 | Create | Villager (Male) |
| 12:12 | Create | Villager (Male) |
| 12:40 | Build | Farm |
| 12:47 | Build | Stone Wall |
| 12:52 | Research | Double-Bit Axe |
| 12:56 | Build | Farm |
| 13:31 | Create | Villager (Male) |
| 13:34 | Research | Horse Collar |
| 13:36 | Create | Villager (Male) |
| 13:43 | Build | Farm |
| 13:53 | Build | Farm |
| 13:55 | Create | Villager (Male) |
| 13:55 | Create | Villager (Male) |
| 14:15 | Build | House |
| 14:35 | Build | Farm |
| 14:38 | Build | Farm |
| 14:43 | Create | Villager (Male) |
| 15:01 | Build | Settlement |
| 15:04 | Create | Villager (Male) |
| 15:23 | Build | House |
| 15:28 | Build | Farm |
| 15:37 | Build | Farm |
| 15:47 | Create | Villager (Male) |
| 15:53 | Build | House |
| 15:55 | Build | House |
| 16:19 | Build | Settlement |
| 16:35 | Create | Villager (Male) |
| 17:00 | Build | Farm |
| 17:01 | Create | Villager (Male) |
| 17:11 | Build | Market |
| 17:13 | Create | Villager (Male) |
| 17:38 | Build | Blacksmith |
| 18:21 | Build | Farm |
| 18:22 | Build | Farm |
| 18:24 | Build | Farm |
| 18:39 | Research | Castle Age |
| 20:05 | Build | Farm |
| 20:08 | Create | Villager (Male) |
| 21:08 | Research | Wheelbarrow |
| 21:19 | Age | Castle Age |
| 21:22 | Build | Town Center |
| 21:28 | Build | Town Center |
| 21:30 | Create | Villager (Male) |
| 21:31 | Create | Villager (Male) |
| 21:31 | Create | Villager (Male) |
| 21:36 | Research | Bow Saw |
| 22:04 | Research | Heavy Plow |
| 22:42 | Create | Villager (Male) |
| 22:42 | Create | Villager (Male) |
| 22:42 | Create | Villager (Male) |
| 22:47 | Build | Farm |
| 22:49 | Build | Farm |
| 22:51 | Build | Farm |
| 22:58 | Create | Villager (Male) |
| 22:58 | Create | Villager (Male) |
| 22:58 | Create | Villager (Male) |
| 23:02 | Create | Villager (Male) |
| 23:02 | Create | Villager (Male) |
| 23:02 | Create | Villager (Male) |
| 23:02 | Create | Villager (Male) |
| 23:03 | Create | Villager (Male) |
| 23:03 | Create | Villager (Male) |
| 23:09 | Build | Farm |
| 23:21 | Create | Villager (Male) |
| 23:22 | Create | Villager (Male) |
| 23:22 | Create | Villager (Male) |
| 23:26 | Build | Farm |
| 23:27 | Build | Farm |
| 23:27 | Build | Farm |
| 23:28 | Build | Farm |
| 23:31 | Create | Villager (Male) |
| 23:32 | Create | Villager (Male) |
| 23:35 | Create | Villager (Male) |
| 23:36 | Create | Villager (Male) |
| 23:36 | Create | Villager (Male) |
| 23:37 | Create | Villager (Male) |
| 23:51 | Create | Villager (Male) |
| 23:51 | Create | Villager (Male) |
| 23:51 | Create | Villager (Male) |
| 23:52 | Create | Villager (Male) |
| 23:52 | Create | Villager (Male) |
| 24:08 | Build | Town Center |
| 24:12 | Create | Villager (Male) |
| 24:13 | Create | Villager (Male) |
| 24:13 | Create | Villager (Male) |
| 24:14 | Create | Villager (Male) |
| 24:14 | Create | Villager (Male) |
| 24:21 | Build | Farm |
| 24:21 | Build | Farm |
| 24:24 | Build | Farm |
| 24:26 | Create | Villager (Male) |
| 24:27 | Create | Villager (Male) |
| 24:27 | Create | Villager (Male) |
| 24:27 | Create | Villager (Male) |
| 24:32 | Create | Villager (Male) |
| 24:32 | Create | Villager (Male) |
| 24:33 | Create | Villager (Male) |
| 24:33 | Create | Villager (Male) |
| 24:33 | Create | Villager (Male) |
| 24:42 | Build | Farm |
Build order — Denosumab
First 150 of 422 actions detected
| 0:00 | Create | Villager (Male) |
| 0:01 | Create | Villager (Male) |
| 0:02 | Build | House |
| 0:03 | Build | House |
| 0:05 | Create | Villager (Male) |
| 0:25 | Research | Loom |
| 0:27 | Create | Villager (Male) |
| 0:29 | Create | Villager (Male) |
| 0:58 | Build | Palisade Wall |
| 1:24 | Build | Palisade Wall |
| 1:30 | Build | Palisade Wall |
| 1:34 | Build | Palisade Wall |
| 1:40 | Build | Palisade Wall |
| 1:42 | Build | Palisade Wall |
| 1:43 | Create | Villager (Male) |
| 2:30 | Create | Villager (Male) |
| 2:57 | Create | Villager (Male) |
| 2:58 | Create | Villager (Male) |
| 3:34 | Create | Villager (Male) |
| 3:34 | Create | Villager (Male) |
| 3:50 | Build | House |
| 4:08 | Create | Villager (Male) |
| 4:13 | Build | Palisade Wall |
| 4:59 | Create | Villager (Male) |
| 4:59 | Create | Villager (Male) |
| 5:00 | Create | Villager (Male) |
| 5:08 | Build | Palisade Wall |
| 5:22 | Build | Palisade Wall |
| 5:30 | Create | Villager (Male) |
| 5:36 | Build | Lumber Camp |
| 5:51 | Create | Villager (Male) |
| 6:45 | Build | House |
| 6:56 | Create | Villager (Male) |
| 6:57 | Create | Villager (Male) |
| 7:17 | Create | Villager (Male) |
| 7:35 | Create | Villager (Male) |
| 8:09 | Create | Villager (Male) |
| 8:14 | Build | Mill |
| 9:03 | Create | Villager (Male) |
| 9:19 | Build | House |
| 9:44 | Create | Villager (Male) |
| 10:12 | Research | Feudal Age |
| 10:12 | Research | Feudal Age |
| 12:22 | Age | Feudal Age |
| 12:24 | Build | Town Center |
| 12:25 | Create | Villager (Male) |
| 12:49 | Create | Villager (Male) |
| 12:52 | Research | Wheelbarrow |
| 12:53 | Research | Double-Bit Axe |
| 12:54 | Research | Horse Collar |
| 13:15 | Create | Villager (Male) |
| 13:27 | Create | Villager (Male) |
| 13:46 | Build | House |
| 13:56 | Create | Villager (Male) |
| 14:01 | Create | Villager (Male) |
| 14:09 | Create | Villager (Male) |
| 14:20 | Create | Villager (Male) |
| 14:28 | Build | Farm |
| 14:30 | Build | Farm |
| 14:31 | Create | Villager (Male) |
| 14:34 | Build | House |
| 14:42 | Create | Villager (Male) |
| 14:49 | Create | Villager (Male) |
| 14:50 | Build | Farm |
| 14:51 | Create | Villager (Male) |
| 14:58 | Create | Villager (Male) |
| 15:00 | Build | House |
| 15:01 | Create | Villager (Male) |
| 15:12 | Create | Villager (Male) |
| 15:15 | Build | Farm |
| 15:26 | Build | Farm |
| 15:33 | Create | Villager (Male) |
| 15:35 | Build | Farm |
| 15:37 | Build | Farm |
| 15:48 | Create | Villager (Male) |
| 15:51 | Build | Farm |
| 15:53 | Build | Farm |
| 15:54 | Create | Villager (Male) |
| 15:55 | Build | House |
| 15:56 | Create | Villager (Male) |
| 16:01 | Create | Villager (Male) |
| 16:04 | Build | Farm |
| 16:05 | Create | Villager (Male) |
| 16:08 | Create | Villager (Male) |
| 16:22 | Create | Villager (Male) |
| 16:38 | Build | Farm |
| 16:41 | Create | Villager (Male) |
| 16:50 | Build | House |
| 16:56 | Create | Villager (Male) |
| 16:59 | Build | Farm |
| 17:01 | Create | Villager (Male) |
| 17:11 | Create | Villager (Male) |
| 17:20 | Create | Villager (Male) |
| 17:26 | Create | Villager (Male) |
| 17:29 | Build | Market |
| 17:32 | Create | Villager (Male) |
| 17:33 | Create | Villager (Male) |
| 17:36 | Build | House |
| 17:37 | Create | Villager (Male) |
| 17:40 | Create | Villager (Male) |
| 17:54 | Create | Villager (Male) |
| 17:56 | Build | Farm |
| 18:05 | Build | Lumber Camp |
| 18:07 | Create | Villager (Male) |
| 18:18 | Create | Villager (Male) |
| 18:27 | Create | Villager (Male) |
| 18:36 | Create | Villager (Male) |
| 18:37 | Create | Villager (Male) |
| 18:39 | Build | Blacksmith |
| 18:39 | Create | Villager (Male) |
| 18:42 | Build | House |
| 18:43 | Create | Villager (Male) |
| 18:47 | Build | House |
| 18:51 | Create | Villager (Male) |
| 18:53 | Create | Villager (Male) |
| 18:54 | Create | Villager (Male) |
| 19:06 | Build | Farm |
| 19:06 | Create | Villager (Male) |
| 19:07 | Create | Villager (Male) |
| 19:32 | Build | Mining Camp |
| 19:43 | Research | Castle Age |
| 19:44 | Research | Castle Age |
| 19:44 | Create | Villager (Male) |
| 19:46 | Build | House |
| 20:02 | Build | Barracks |
| 20:04 | Create | Villager (Male) |
| 20:09 | Build | Lumber Camp |
| 20:17 | Research | Gold Mining |
| 20:17 | Research | Gold Mining |
| 20:18 | Create | Villager (Male) |
| 20:42 | Create | Villager (Male) |
| 20:59 | Build | Farm |
| 20:59 | Build | Farm |
| 21:00 | Build | Farm |
| 21:00 | Build | Farm |
| 21:00 | Build | Farm |
| 21:01 | Create | Villager (Male) |
| 21:06 | Build | Stable |
| 21:15 | Research | Scale Barding Armor |
| 21:16 | Create | Villager (Male) |
| 21:20 | Build | Stable |
| 21:24 | Create | Villager (Male) |
| 21:26 | Build | House |
| 21:27 | Create | Villager (Male) |
| 21:33 | Create | Villager (Male) |
| 21:41 | Create | Villager (Male) |
| 21:50 | Build | Outpost |
| 22:00 | Build | Siege Workshop |
| 22:03 | Build | Stable |
| 22:07 | Research | Bloodlines |
Build order — aoclearnarabia
First 150 of 425 actions detected
| 0:01 | Create | Villager (Male) |
| 0:02 | Create | Villager (Male) |
| 0:03 | Build | House |
| 0:04 | Build | House |
| 0:28 | Build | Lumber Camp |
| 0:29 | Create | Villager (Male) |
| 0:29 | Create | Villager (Male) |
| 0:29 | Create | Villager (Male) |
| 1:35 | Create | Villager (Male) |
| 1:36 | Create | Villager (Male) |
| 2:16 | Create | Villager (Male) |
| 2:16 | Create | Villager (Male) |
| 2:37 | Build | Dock |
| 3:00 | Create | Villager (Male) |
| 3:33 | Create | Fishing Ship |
| 3:35 | Build | House |
| 3:42 | Create | Villager (Male) |
| 3:43 | Create | Villager (Male) |
| 4:05 | Create | Villager (Male) |
| 4:06 | Create | Villager (Male) |
| 4:28 | Create | Fishing Ship |
| 4:30 | Create | Villager (Male) |
| 4:30 | Create | Villager (Male) |
| 4:54 | Create | Villager (Male) |
| 4:54 | Create | Villager (Male) |
| 5:11 | Build | House |
| 5:16 | Create | Fishing Ship |
| 5:20 | Create | Villager (Male) |
| 5:35 | Create | Villager (Male) |
| 6:13 | Create | Fishing Ship |
| 6:16 | Create | Villager (Male) |
| 6:18 | Build | House |
| 6:42 | Create | Villager (Male) |
| 6:43 | Create | Villager (Male) |
| 6:43 | Create | Villager (Male) |
| 6:55 | Create | Fishing Ship |
| 6:58 | Create | Villager (Male) |
| 7:28 | Build | Mill |
| 7:35 | Create | Villager (Male) |
| 7:57 | Build | House |
| 8:19 | Create | Villager (Male) |
| 8:25 | Build | Mining Camp |
| 8:50 | Create | Fishing Ship |
| 9:20 | Research | Feudal Age |
| 9:32 | Create | Fishing Ship |
| 9:42 | Build | House |
| 10:07 | Create | Fishing Ship |
| 10:55 | Create | Villager (Male) |
| 11:24 | Age | Feudal Age |
| 11:29 | Build | Market |
| 11:33 | Build | Blacksmith |
| 11:36 | Build | Lumber Camp |
| 11:42 | Create | Villager (Male) |
| 12:02 | Build | Fish Trap |
| 12:12 | Create | Villager (Male) |
| 12:26 | Research | Castle Age |
| 12:37 | Build | Fish Trap |
| 13:06 | Research | Double-Bit Axe |
| 13:09 | Research | Tech 906 |
| 13:09 | Research | Tech 906 |
| 13:37 | Create | Fishing Ship |
| 13:40 | Build | Fish Trap |
| 13:49 | Build | Fish Trap |
| 14:20 | Build | Fish Trap |
| 14:54 | Build | House |
| 15:00 | Age | Castle Age |
| 15:04 | Build | Town Center |
| 15:13 | Build | Town Center |
| 15:16 | Create | Villager (Male) |
| 15:34 | Create | Villager (Male) |
| 15:36 | Research | Bow Saw |
| 15:40 | Create | Villager (Male) |
| 15:49 | Build | Fish Trap |
| 16:00 | Create | Villager (Male) |
| 16:12 | Research | Gillnets |
| 16:24 | Create | Villager (Male) |
| 16:28 | Build | Fish Trap |
| 16:29 | Create | Villager (Male) |
| 16:37 | Build | Fish Trap |
| 16:39 | Create | Villager (Male) |
| 16:41 | Create | Villager (Male) |
| 16:41 | Create | Villager (Male) |
| 16:49 | Build | House |
| 16:57 | Create | Villager (Male) |
| 17:04 | Build | Fish Trap |
| 17:05 | Create | Villager (Male) |
| 17:11 | Create | Villager (Male) |
| 17:15 | Build | Dock |
| 17:26 | Create | Villager (Male) |
| 17:26 | Create | Villager (Male) |
| 17:28 | Create | Fishing Ship |
| 17:35 | Create | Villager (Male) |
| 17:40 | Build | House |
| 17:52 | Create | Fishing Ship |
| 17:52 | Create | Fishing Ship |
| 17:55 | Build | Dock |
| 18:00 | Build | Dock |
| 18:04 | Create | Villager (Male) |
| 18:15 | Build | Fish Trap |
| 18:16 | Create | Villager (Male) |
| 18:25 | Build | Stone Wall |
| 18:26 | Build | Gate |
| 18:29 | Build | House |
| 18:34 | Create | Villager (Male) |
| 18:36 | Create | Villager (Male) |
| 18:43 | Create | Villager (Male) |
| 18:48 | Create | Fishing Ship |
| 18:48 | Create | Fishing Ship |
| 18:52 | Build | Fish Trap |
| 18:54 | Build | House |
| 19:00 | Create | Fishing Ship |
| 19:00 | Create | Fishing Ship |
| 19:00 | Create | Fishing Ship |
| 19:07 | Build | Palisade Wall |
| 19:07 | Build | Palisade Wall |
| 19:13 | Build | Palisade Wall |
| 19:16 | Build | Palisade Wall |
| 19:21 | Build | Fish Trap |
| 19:23 | Create | Fishing Ship |
| 19:24 | Create | Fishing Ship |
| 19:32 | Create | Villager (Male) |
| 19:33 | Create | Villager (Male) |
| 19:42 | Create | Villager (Male) |
| 19:42 | Create | Villager (Male) |
| 19:44 | Create | Villager (Male) |
| 19:54 | Build | Town Center |
| 19:58 | Create | Villager (Male) |
| 19:58 | Create | Villager (Male) |
| 20:03 | Create | Fishing Ship |
| 20:03 | Create | Fishing Ship |
| 20:09 | Build | Fish Trap |
| 20:10 | Create | Villager (Male) |
| 20:10 | Create | Villager (Male) |
| 20:20 | Build | Fish Trap |
| 20:21 | Create | Villager (Male) |
| 20:25 | Create | Villager (Male) |
| 20:25 | Create | Villager (Male) |
| 20:32 | Build | Fish Trap |
| 20:33 | Create | Villager (Male) |
| 20:35 | Build | House |
| 20:48 | Build | Fish Trap |
| 20:49 | Create | Villager (Male) |
| 20:54 | Build | Fish Trap |
| 20:55 | Create | Villager (Male) |
| 20:58 | Build | Fish Trap |
| 21:06 | Create | Villager (Male) |
| 21:06 | Create | Villager (Male) |
| 21:06 | Create | Villager (Male) |
| 21:06 | Create | Villager (Male) |
| 21:07 | Create | Villager (Male) |
Build order — Tk_Dael 14
111 actions detected in the replay
| 0:01 | Create | Villager (Male) |
| 0:02 | Build | House |
| 0:04 | Build | House |
| 0:22 | Create | Villager (Male) |
| 0:23 | Create | Villager (Male) |
| 0:39 | Research | Loom |
| 1:04 | Create | Villager (Male) |
| 1:04 | Create | Villager (Male) |
| 1:05 | Create | Villager (Male) |
| 1:32 | Build | Palisade Wall |
| 1:37 | Build | Palisade Wall |
| 2:26 | Create | Villager (Male) |
| 2:26 | Create | Villager (Male) |
| 3:06 | Create | Villager (Male) |
| 3:06 | Create | Villager (Male) |
| 3:36 | Create | Villager (Male) |
| 3:36 | Create | Villager (Male) |
| 3:49 | Build | Palisade Wall |
| 4:11 | Create | Villager (Male) |
| 4:36 | Build | Palisade Wall |
| 4:49 | Create | Villager (Male) |
| 4:49 | Create | Villager (Male) |
| 4:49 | Create | Villager (Male) |
| 4:57 | Build | Palisade Wall |
| 5:16 | Create | Villager (Male) |
| 5:35 | Build | Lumber Camp |
| 6:09 | Create | Villager (Male) |
| 6:40 | Create | Villager (Male) |
| 6:52 | Build | House |
| 7:07 | Create | Villager (Male) |
| 7:24 | Create | Villager (Male) |
| 7:49 | Create | Villager (Male) |
| 8:05 | Build | Dock |
| 8:18 | Create | Villager (Male) |
| 8:43 | Create | Villager (Male) |
| 8:48 | Build | House |
| 9:02 | Create | Villager (Male) |
| 9:17 | Create | Villager (Male) |
| 9:26 | Create | Fishing Ship |
| 9:49 | Create | Fishing Ship |
| 10:03 | Create | Villager (Male) |
| 10:19 | Build | Mill |
| 10:23 | Build | House |
| 10:27 | Create | Villager (Male) |
| 11:02 | Create | Villager (Male) |
| 11:25 | Research | Feudal Age |
| 11:43 | Build | Lumber Camp |
| 12:29 | Create | Fishing Ship |
| 12:43 | Research | Double-Bit Axe |
| 13:07 | Build | House |
| 13:34 | Build | Dock |
| 13:37 | Age | Feudal Age |
| 13:41 | Create | Villager (Male) |
| 13:52 | Build | Stone Wall |
| 14:00 | Build | Stone Wall |
| 14:02 | Build | Stone Wall |
| 14:06 | Build | Stone Wall |
| 14:11 | Create | Villager (Male) |
| 14:18 | Create | Fishing Ship |
| 14:26 | Build | Dock |
| 14:28 | Create | Fishing Ship |
| 14:44 | Create | Villager (Male) |
| 14:50 | Build | Dock |
| 14:59 | Create | Fishing Ship |
| 15:11 | Create | Villager (Male) |
| 15:16 | Build | House |
| 15:32 | Build | Mining Camp |
| 15:38 | Create | Villager (Male) |
| 15:46 | Create | Fishing Ship |
| 16:05 | Create | Villager (Male) |
| 16:16 | Build | Blacksmith |
| 16:32 | Create | Villager (Male) |
| 16:34 | Build | Mining Camp |
| 16:52 | Create | Villager (Male) |
| 16:59 | Build | Market |
| 17:08 | Build | Stone Wall |
| 17:14 | Build | Stone Wall |
| 17:31 | Create | Villager (Male) |
| 17:34 | Create | Villager (Male) |
| 17:46 | Build | Gate |
| 18:05 | Build | House |
| 18:12 | Build | House |
| 18:14 | Build | House |
| 18:29 | Build | Gate |
| 18:43 | Research | Castle Age |
| 19:04 | Build | Barracks |
| 19:38 | Build | Archery Range |
| 19:40 | Research | Fletching |
| 20:01 | Build | Gate |
| 21:23 | Age | Castle Age |
| 21:29 | Create | Villager (Male) |
| 21:33 | Research | Crossbowman (upgrade) |
| 21:43 | Create | Villager (Male) |
| 21:55 | Create | Villager (Male) |
| 22:23 | Build | Gate |
| 22:25 | Build | Stone Wall |
| 22:31 | Build | Stone Wall |
| 22:37 | Build | Stone Wall |
| 22:43 | Create | Villager (Male) |
| 22:51 | Create | Villager (Male) |
| 23:24 | Create | Villager (Male) |
| 23:58 | Build | Stone Wall |
| 26:52 | Build | Lumber Camp |
| 30:49 | Build | Town Center |
| 32:09 | Create | Villager (Male) |
| 32:09 | Create | Villager (Male) |
| 32:10 | Create | Villager (Male) |
| 32:16 | Build | Farm |
| 40:04 | Create | Villager (Male) |
| 40:04 | Create | Villager (Male) |
| 40:04 | Create | Villager (Male) |
Build order — Melonfighter
First 150 of 470 actions detected
| 0:02 | Create | Villager (Male) |
| 0:02 | Create | Villager (Male) |
| 0:02 | Create | Villager (Male) |
| 0:03 | Create | Villager (Male) |
| 0:04 | Build | House |
| 0:04 | Build | House |
| 0:11 | Research | Loom |
| 0:24 | Create | Villager (Male) ×3 |
| 0:25 | Create | Villager (Male) ×3 |
| 1:46 | Create | Villager (Male) |
| 1:47 | Create | Villager (Male) |
| 2:05 | Create | Villager (Male) |
| 2:11 | Build | Lumber Camp |
| 2:17 | Build | Lumber Camp |
| 2:21 | Create | Villager (Male) |
| 2:21 | Create | Villager (Male) |
| 2:59 | Create | Villager (Male) |
| 2:59 | Create | Villager (Male) |
| 3:20 | Create | Villager (Male) |
| 3:20 | Create | Villager (Male) |
| 3:50 | Build | House |
| 3:51 | Build | House |
| 3:52 | Create | Villager (Male) |
| 4:14 | Create | Villager (Male) |
| 4:14 | Create | Villager (Male) |
| 4:40 | Build | Mill |
| 4:50 | Create | Villager (Male) |
| 4:50 | Create | Villager (Male) |
| 5:21 | Create | Villager (Male) |
| 5:21 | Create | Villager (Male) |
| 5:36 | Create | Villager (Male) |
| 5:36 | Create | Villager (Male) |
| 6:11 | Create | Villager (Male) |
| 6:45 | Build | Lumber Camp |
| 6:49 | Create | Villager (Male) |
| 7:14 | Create | Villager (Male) |
| 7:17 | Create | Villager (Male) |
| 7:18 | Create | Villager (Male) |
| 7:18 | Create | Villager (Male) |
| 7:43 | Create | Villager (Male) |
| 8:25 | Build | Mining Camp |
| 8:36 | Research | Feudal Age |
| 9:10 | Build | Palisade Wall |
| 9:11 | Build | Palisade Gate |
| 9:18 | Build | House |
| 10:15 | Create | Villager (Male) |
| 11:22 | Age | Feudal Age |
| 11:41 | Create | Villager (Male) |
| 11:45 | Build | Market |
| 11:51 | Build | Farm |
| 12:10 | Create | Villager (Male) |
| 12:14 | Build | Farm |
| 12:43 | Build | Farm |
| 12:44 | Build | Farm |
| 12:57 | Research | Castle Age |
| 13:03 | Build | House |
| 13:04 | Build | House |
| 13:05 | Build | House |
| 13:18 | Build | Farm |
| 13:47 | Research | Double-Bit Axe |
| 14:44 | Build | House |
| 14:46 | Build | House |
| 14:47 | Build | House |
| 15:01 | Research | Horse Collar |
| 15:37 | Age | Castle Age |
| 15:39 | Build | Town Center |
| 15:43 | Build | Town Center |
| 15:45 | Create | Villager (Male) |
| 15:46 | Create | Villager (Male) |
| 15:53 | Build | Farm |
| 15:54 | Build | Farm |
| 15:56 | Build | Farm |
| 16:16 | Build | Farm |
| 16:17 | Create | Villager (Male) |
| 16:27 | Build | House |
| 16:40 | Build | Farm |
| 16:58 | Create | Villager (Male) |
| 17:06 | Create | Villager (Male) |
| 17:09 | Create | Villager (Male) |
| 17:11 | Build | Farm |
| 17:16 | Build | House |
| 17:17 | Create | Villager (Male) |
| 17:17 | Create | Villager (Male) |
| 17:21 | Create | Villager (Male) |
| 17:27 | Build | Farm |
| 17:31 | Create | Villager (Male) |
| 17:33 | Build | Farm |
| 17:36 | Create | Villager (Male) |
| 17:50 | Build | Outpost |
| 17:53 | Create | Villager (Male) |
| 17:53 | Create | Villager (Male) |
| 17:59 | Build | Farm |
| 18:00 | Build | Farm |
| 18:07 | Create | Villager (Male) |
| 18:07 | Create | Villager (Male) |
| 18:21 | Create | Villager (Male) |
| 18:21 | Create | Villager (Male) |
| 18:24 | Build | Farm |
| 18:29 | Build | Farm |
| 18:32 | Create | Villager (Male) |
| 18:43 | Build | Farm |
| 18:47 | Build | Farm |
| 18:55 | Research | Bow Saw |
| 18:55 | Research | Bow Saw |
| 18:57 | Build | Farm |
| 19:03 | Create | Villager (Male) |
| 19:04 | Create | Villager (Male) |
| 19:11 | Build | Farm |
| 19:12 | Create | Villager (Male) |
| 19:17 | Build | Farm |
| 19:19 | Create | Villager (Male) |
| 19:29 | Create | Villager (Male) |
| 19:29 | Create | Villager (Male) |
| 19:33 | Build | Farm |
| 19:35 | Create | Villager (Male) |
| 19:35 | Create | Villager (Male) |
| 19:38 | Create | Villager (Male) |
| 19:41 | Build | Farm |
| 19:45 | Create | Villager (Male) |
| 19:52 | Create | Villager (Male) |
| 19:52 | Create | Villager (Male) |
| 19:58 | Build | Farm |
| 20:00 | Create | Villager (Male) |
| 20:04 | Create | Villager (Male) |
| 20:06 | Build | Farm |
| 20:26 | Build | Farm |
| 20:29 | Research | Wheelbarrow |
| 20:33 | Build | House |
| 20:38 | Build | House |
| 20:39 | Build | House |
| 20:40 | Create | Villager (Male) |
| 20:43 | Build | Farm |
| 20:44 | Create | Villager (Male) |
| 20:44 | Create | Villager (Male) |
| 20:44 | Create | Villager (Male) |
| 20:55 | Build | Town Center |
| 21:06 | Create | Villager (Male) |
| 21:07 | Create | Villager (Male) |
| 21:08 | Research | Gold Mining |
| 21:14 | Build | Farm |
| 21:24 | Build | Lumber Camp |
| 21:27 | Create | Villager (Male) |
| 21:39 | Create | Villager (Male) |
| 21:39 | Create | Villager (Male) |
| 21:43 | Build | Farm |
| 21:51 | Create | Villager (Male) |
| 21:51 | Create | Villager (Male) |
| 21:51 | Create | Villager (Male) |
| 22:04 | Build | House |
| 22:06 | Build | House |
Build order — XERSVIRUS
First 150 of 366 actions detected
| 0:02 | Create | Villager (Male) |
| 0:02 | Create | Villager (Male) |
| 0:02 | Create | Villager (Male) |
| 0:04 | Build | House |
| 0:07 | Build | House |
| 0:43 | Create | Villager (Male) |
| 1:29 | Create | Villager (Male) |
| 2:26 | Create | Villager (Male) |
| 2:26 | Create | Villager (Male) |
| 2:26 | Create | Villager (Male) |
| 2:28 | Build | Lumber Camp |
| 3:07 | Create | Villager (Male) |
| 3:07 | Create | Villager (Male) |
| 3:07 | Create | Villager (Male) |
| 3:58 | Create | Villager (Male) |
| 4:17 | Create | Villager (Male) |
| 4:19 | Build | House |
| 4:43 | Create | Villager (Male) |
| 5:11 | Create | Villager (Male) |
| 5:11 | Create | Villager (Male) |
| 5:15 | Build | Mill |
| 5:25 | Research | Loom |
| 6:05 | Build | Dock |
| 6:09 | Create | Villager (Male) |
| 6:09 | Create | Villager (Male) |
| 6:34 | Create | Villager (Male) |
| 7:46 | Create | Villager (Male) |
| 7:46 | Create | Villager (Male) |
| 7:46 | Create | Villager (Male) |
| 7:46 | Create | Villager (Male) |
| 7:46 | Create | Villager (Male) |
| 7:50 | Build | House |
| 8:10 | Create | Villager (Male) |
| 8:46 | Create | Fishing Ship |
| 8:46 | Create | Fishing Ship |
| 8:53 | Build | House |
| 9:28 | Research | Feudal Age |
| 10:01 | Build | Mining Camp |
| 12:01 | Age | Feudal Age |
| 12:12 | Build | Market |
| 12:19 | Research | Double-Bit Axe |
| 12:20 | Create | Villager (Male) |
| 12:51 | Create | Villager (Male) |
| 13:05 | Build | Blacksmith |
| 13:14 | Create | Fishing Ship |
| 13:21 | Build | Dock |
| 13:52 | Research | Castle Age |
| 13:52 | Research | Castle Age |
| 13:56 | Build | House |
| 13:57 | Build | House |
| 14:00 | Create | Fishing Ship |
| 14:01 | Create | Fishing Ship |
| 14:04 | Build | House |
| 14:22 | Build | Lumber Camp |
| 14:35 | Create | Fishing Ship |
| 14:35 | Create | Fishing Ship |
| 14:50 | Build | House |
| 14:58 | Build | House |
| 14:59 | Build | House |
| 15:05 | Research | Tech 906 |
| 15:18 | Research | Wheelbarrow |
| 15:32 | Build | Dock |
| 15:42 | Create | Fishing Ship |
| 15:44 | Create | Fishing Ship |
| 15:44 | Create | Fishing Ship |
| 16:25 | Build | Fish Trap |
| 16:31 | Build | Fish Trap |
| 16:32 | Age | Castle Age |
| 16:43 | Build | Town Center |
| 16:55 | Research | Bow Saw |
| 17:20 | Create | Villager (Male) |
| 17:28 | Build | House |
| 17:36 | Create | Villager (Male) |
| 17:39 | Research | Gold Mining |
| 17:47 | Create | Villager (Male) |
| 18:02 | Build | Siege Workshop |
| 18:07 | Build | Palisade Wall |
| 18:25 | Create | Villager (Male) |
| 18:31 | Create | Villager (Male) |
| 18:39 | Build | Fish Trap |
| 18:46 | Build | Stone Wall |
| 19:01 | Create | Scorpion |
| 19:01 | Create | Scorpion |
| 19:02 | Create | Scorpion |
| 19:06 | Build | Barracks |
| 19:20 | Build | Fish Trap |
| 19:34 | Create | Villager (Male) |
| 19:34 | Create | Villager (Male) |
| 19:35 | Create | Villager (Male) |
| 19:44 | Build | Fish Trap |
| 19:48 | Build | Fish Trap |
| 20:02 | Create | Fire Galley |
| 20:10 | Build | Archery Range |
| 20:12 | Build | Archery Range |
| 20:25 | Create | Villager (Male) |
| 20:36 | Create | Scorpion |
| 20:54 | Build | Fish Trap |
| 21:02 | Build | Fish Trap |
| 21:22 | Build | Stone Wall |
| 21:29 | Build | Archery Range |
| 22:04 | Create | Archer |
| 22:04 | Create | Archer |
| 22:05 | Create | Archer |
| 22:05 | Create | Archer |
| 22:11 | Build | Fish Trap |
| 22:13 | Build | Fish Trap |
| 22:15 | Build | Fish Trap |
| 22:19 | Create | Fishing Ship |
| 22:20 | Create | Fishing Ship |
| 22:28 | Build | Lumber Camp |
| 22:40 | Research | Crossbowman (upgrade) |
| 23:18 | Create | Archer |
| 23:19 | Create | Archer |
| 23:19 | Create | Archer |
| 23:19 | Create | Archer |
| 23:37 | Create | Scorpion |
| 23:37 | Create | Scorpion |
| 23:46 | Create | Villager (Male) |
| 23:46 | Create | Villager (Male) |
| 23:46 | Create | Villager (Male) |
| 23:46 | Create | Villager (Male) |
| 23:55 | Create | Archer |
| 23:56 | Create | Archer |
| 24:12 | Build | Fish Trap |
| 24:14 | Build | Fish Trap |
| 24:18 | Create | Villager (Male) |
| 24:23 | Research | Fletching |
| 24:26 | Build | House |
| 24:26 | Build | House |
| 24:26 | Build | House |
| 24:26 | Build | House |
| 24:27 | Build | House |
| 24:27 | Build | House |
| 24:40 | Create | Mangonel |
| 25:23 | Build | Siege Workshop |
| 25:26 | Build | Siege Workshop |
| 25:48 | Build | Barracks |
| 25:55 | Build | Town Center |
| 26:05 | Build | Stone Wall |
| 26:11 | Create | Mangonel |
| 26:11 | Create | Mangonel |
| 26:26 | Build | Stone Wall |
| 26:36 | Build | Stone Wall |
| 26:40 | Build | Stone Wall |
| 26:41 | Build | Stone Wall |
| 26:43 | Build | Stone Wall |
| 27:03 | Build | Stone Wall |
| 27:12 | Create | Villager (Male) |
| 27:12 | Create | Villager (Male) |
| 27:13 | Create | Villager (Male) |
Build order — Kn0wn
First 150 of 356 actions detected
| 0:01 | Create | Villager (Male) |
| 0:01 | Create | Villager (Male) |
| 0:02 | Build | House |
| 0:03 | Build | House |
| 0:05 | Create | Villager (Male) |
| 0:06 | Create | Villager (Male) |
| 0:06 | Create | Villager (Male) |
| 1:26 | Create | Villager (Male) |
| 2:06 | Create | Villager (Male) |
| 2:07 | Create | Villager (Male) |
| 2:46 | Create | Villager (Male) |
| 2:46 | Create | Villager (Male) |
| 2:46 | Create | Villager (Male) |
| 3:10 | Build | Lumber Camp |
| 3:11 | Build | House |
| 3:13 | Create | Villager (Male) |
| 3:13 | Create | Villager (Male) |
| 3:14 | Create | Villager (Male) |
| 3:49 | Create | Villager (Male) |
| 3:49 | Create | Villager (Male) |
| 3:49 | Create | Villager (Male) |
| 3:50 | Create | Villager (Male) |
| 4:18 | Create | Villager (Male) |
| 4:19 | Create | Villager (Male) |
| 4:19 | Create | Villager (Male) |
| 4:19 | Create | Villager (Male) |
| 5:31 | Build | Mining Camp |
| 5:50 | Create | Villager (Male) |
| 6:04 | Research | Feudal Age |
| 6:09 | Build | House |
| 6:53 | Create | Villager (Male) |
| 6:54 | Create | Villager (Male) |
| 7:20 | Build | Barracks |
| 8:04 | Build | House |
| 8:10 | Create | Militia |
| 8:11 | Create | Militia |
| 8:26 | Age | Feudal Age |
| 8:29 | Build | Watch Tower |
| 8:33 | Research | Man-at-Arms (upgrade) |
| 8:42 | Create | Villager (Male) |
| 9:12 | Build | House |
| 9:15 | Create | Villager (Male) |
| 9:32 | Create | Villager (Male) |
| 9:32 | Create | Villager (Male) |
| 9:35 | Research | Loom |
| 9:43 | Build | House |
| 9:49 | Create | Villager (Male) |
| 9:50 | Create | Villager (Male) |
| 9:50 | Create | Villager (Male) |
| 10:22 | Build | Watch Tower |
| 10:28 | Create | Villager (Male) |
| 10:29 | Create | Villager (Male) |
| 10:47 | Build | Mill |
| 11:41 | Build | Blacksmith |
| 11:57 | Create | Villager (Male) |
| 11:58 | Create | Villager (Male) |
| 12:19 | Build | House |
| 12:30 | Build | Stone Wall |
| 12:49 | Create | Villager (Male) |
| 12:49 | Create | Villager (Male) |
| 12:49 | Create | Villager (Male) |
| 12:54 | Build | Mill |
| 13:05 | Build | Stone Wall |
| 13:08 | Create | Villager (Male) |
| 13:41 | Build | Palisade Wall |
| 13:44 | Build | Market |
| 14:15 | Create | Villager (Male) |
| 14:40 | Create | Villager (Male) |
| 15:04 | Build | Stone Wall |
| 15:08 | Create | Villager (Male) |
| 15:45 | Research | Castle Age |
| 15:45 | Research | Castle Age |
| 16:19 | Build | Lumber Camp |
| 16:29 | Research | Double-Bit Axe |
| 16:30 | Research | Horse Collar |
| 16:30 | Research | Horse Collar |
| 16:48 | Build | Palisade Wall |
| 17:45 | Create | Villager (Male) |
| 17:46 | Create | Villager (Male) |
| 18:25 | Age | Castle Age |
| 18:30 | Build | Town Center |
| 18:39 | Research | Bow Saw |
| 18:40 | Research | Bow Saw |
| 19:10 | Build | Farm |
| 19:11 | Build | Farm |
| 19:12 | Build | Farm |
| 19:13 | Build | Farm |
| 19:22 | Create | Villager (Male) |
| 19:22 | Create | Villager (Male) |
| 19:35 | Build | Town Center |
| 19:49 | Create | Villager (Male) |
| 19:50 | Create | Villager (Male) |
| 19:56 | Build | Farm |
| 19:57 | Build | Farm |
| 19:58 | Build | Farm |
| 20:00 | Create | Villager (Male) |
| 20:23 | Create | Villager (Male) |
| 20:42 | Create | Villager (Male) |
| 20:43 | Create | Villager (Male) |
| 20:45 | Create | Villager (Male) |
| 20:46 | Create | Villager (Male) |
| 20:59 | Create | Villager (Male) |
| 21:05 | Build | Farm |
| 21:06 | Build | Farm |
| 21:08 | Build | Farm |
| 21:09 | Build | Farm |
| 21:09 | Build | Farm |
| 21:11 | Create | Villager (Male) |
| 21:19 | Build | House |
| 21:20 | Build | House |
| 21:21 | Build | House |
| 21:21 | Build | House |
| 21:25 | Create | Villager (Male) |
| 21:28 | Create | Villager (Male) |
| 21:34 | Create | Villager (Male) |
| 21:44 | Create | Villager (Male) |
| 21:58 | Build | Farm |
| 22:01 | Build | Farm |
| 22:11 | Build | Town Center |
| 22:13 | Create | Villager (Male) |
| 22:15 | Create | Villager (Male) |
| 22:31 | Build | Farm |
| 22:31 | Build | Farm |
| 22:31 | Build | Farm |
| 22:32 | Build | Farm |
| 22:32 | Build | Farm |
| 22:32 | Build | Farm |
| 22:32 | Build | Farm |
| 22:33 | Build | Farm |
| 22:33 | Build | Farm |
| 22:33 | Build | Farm |
| 22:34 | Build | Farm |
| 22:34 | Build | Farm |
| 22:34 | Build | Farm |
| 22:34 | Build | Farm |
| 22:41 | Create | Villager (Male) |
| 22:41 | Create | Villager (Male) |
| 22:42 | Create | Villager (Male) |
| 22:43 | Create | Villager (Male) |
| 22:47 | Research | Wheelbarrow |
| 22:48 | Create | Villager (Male) |
| 22:56 | Build | Farm |
| 23:02 | Create | Villager (Male) |
| 23:14 | Create | Villager (Male) |
| 23:15 | Create | Villager (Male) |
| 23:19 | Build | Farm |
| 23:21 | Build | Farm |
| 23:23 | Build | Farm |
| 23:33 | Create | Villager (Male) |
| 23:38 | Create | Villager (Male) |
Match timeline
| 0:58 | Denosumab · wall_segment Palisade Wall x7 |
| 1:15 | InGodWeTrust · wall_segment Palisade Wall x7 |
| 1:24 | Denosumab · wall_segment Palisade Wall x1 |
| 1:30 | Denosumab · wall_segment Palisade Wall x1 |
| 1:32 | Tk_Dael 14 · wall_segment Palisade Wall x7 |
| 1:34 | Denosumab · wall_segment Palisade Wall x1 |
| 1:37 | Tk_Dael 14 · wall_segment Palisade Wall x9 |
| 1:40 | Denosumab · wall_segment Palisade Wall x1 |
| 1:42 | Denosumab · wall_segment Palisade Wall x1 |
| 2:37 | aoclearnarabia · first_building Dock |
| 3:10 | InGodWeTrust · wall_segment Palisade Wall x10 |
| 3:49 | Tk_Dael 14 · wall_segment Palisade Wall x7 |
| 4:07 | comastar · first_building Dock |
| 4:13 | Denosumab · wall_segment Palisade Wall x1 |
| 4:36 | Tk_Dael 14 · wall_segment Palisade Wall x1 |
| 4:57 | Tk_Dael 14 · wall_segment Palisade Wall x1 |
| 5:08 | Denosumab · wall_segment Palisade Wall x1 |
| 5:22 | Denosumab · wall_segment Palisade Wall x1 |
| 6:05 | XERSVIRUS · first_building Dock |
| 6:55 | InGodWeTrust · wall_segment Palisade Wall x8 |
| 7:20 | Kn0wn · first_building Barracks |
| 7:27 | InGodWeTrust · wall_segment Palisade Wall x6 |
| 7:50 | InGodWeTrust · wall_segment Palisade Wall x8 |
| 8:05 | InGodWeTrust · wall_segment Palisade Wall x7 |
| 8:05 | Tk_Dael 14 · first_building Dock |
| 8:26 | Kn0wn · age_up feudal |
| 8:50 | InGodWeTrust · wall_segment Palisade Wall x1 |
| 8:55 | InGodWeTrust · wall_segment Palisade Wall x1 |
| 8:58 | InGodWeTrust · wall_segment Palisade Wall x1 |
| 9:10 | Melonfighter · wall_segment Palisade Wall x9 |
| 9:17 | InGodWeTrust · wall_segment Palisade Wall x6 |
| 9:54 | InGodWeTrust · wall_segment Palisade Wall x6 |
| 10:18 | InGodWeTrust · wall_segment Palisade Wall x9 |
| 10:29 | InGodWeTrust · wall_segment Palisade Wall x1 |
| 10:51 | InGodWeTrust · age_up feudal |
| 11:22 | Melonfighter · age_up feudal |
| 11:24 | aoclearnarabia · age_up feudal |
| 11:28 | InGodWeTrust · wall_segment Stone Wall x9 |
| 12:01 | XERSVIRUS · age_up feudal |
| 12:18 | comastar · age_up feudal |
| 12:22 | Denosumab · age_up feudal |
| 12:30 | Kn0wn · wall_segment Stone Wall x16 |
| 12:47 | InGodWeTrust · wall_segment Stone Wall x8 |
| 13:05 | Kn0wn · wall_segment Stone Wall x1 |
| 13:37 | Tk_Dael 14 · age_up feudal |
| 13:41 | Kn0wn · wall_segment Palisade Wall x1 |
| 13:52 | Tk_Dael 14 · wall_segment Stone Wall x11 |
| 14:00 | Tk_Dael 14 · wall_segment Stone Wall x1 |
| 14:02 | Tk_Dael 14 · wall_segment Stone Wall x1 |
| 14:06 | Tk_Dael 14 · wall_segment Stone Wall x6 |
| 14:06 | comastar · wall_segment Stone Wall x8 |
| 14:12 | comastar · wall_segment Stone Wall x10 |
| 14:35 | comastar · first_market_buy 100 food |
| 15:00 | aoclearnarabia · age_up castle |
| 15:04 | Kn0wn · wall_segment Stone Wall x14 |
| 15:10 | aoclearnarabia · first_market_buy 500 wood |
| 15:19 | Kn0wn · first_market_sell 500 wood |
| 15:37 | Melonfighter · age_up castle |
| 15:55 | comastar · age_up castle |
| 15:58 | comastar · first_building Castle |
| 16:32 | XERSVIRUS · age_up castle |
| 16:34 | comastar · wall_segment Stone Wall x1 |
| 16:48 | Kn0wn · wall_segment Palisade Wall x1 |
| 17:08 | Tk_Dael 14 · wall_segment Stone Wall x5 |
| 17:14 | Tk_Dael 14 · wall_segment Stone Wall x11 |
| 18:02 | XERSVIRUS · first_building Siege Workshop |
| 18:07 | XERSVIRUS · wall_segment Palisade Wall x1 |
| 18:25 | aoclearnarabia · wall_segment Stone Wall x15 |
| 18:25 | Kn0wn · age_up castle |
| 18:41 | Tk_Dael 14 · first_market_sell 100 wood |
| 18:46 | XERSVIRUS · wall_segment Stone Wall x12 |
| 18:57 | XERSVIRUS · first_market_sell 100 wood |
| 19:04 | Tk_Dael 14 · first_building Barracks |
| 19:06 | XERSVIRUS · first_building Barracks |
| 19:07 | aoclearnarabia · wall_segment Palisade Wall x1 |
| 19:07 | aoclearnarabia · wall_segment Palisade Wall x1 |
| 19:13 | aoclearnarabia · wall_segment Palisade Wall x1 |
| 19:16 | aoclearnarabia · wall_segment Palisade Wall x1 |
| 19:38 | Tk_Dael 14 · first_building Archery Range |
| 19:40 | Denosumab · first_market_sell 100 food |
| 19:48 | Kn0wn · first_market_buy 100 food |
| 20:02 | Denosumab · first_building Barracks |
| 20:10 | XERSVIRUS · first_building Archery Range |
| 21:06 | Denosumab · first_building Stable |
| 21:09 | comastar · first_building Barracks |
| 21:19 | InGodWeTrust · age_up castle |
| 21:22 | XERSVIRUS · wall_segment Stone Wall x11 |
| 21:23 | Tk_Dael 14 · age_up castle |
| 22:00 | Denosumab · first_building Siege Workshop |
| 22:25 | Tk_Dael 14 · wall_segment Stone Wall x1 |
| 22:31 | Tk_Dael 14 · wall_segment Stone Wall x1 |
| 22:37 | Tk_Dael 14 · wall_segment Stone Wall x1 |
| 22:37 | Denosumab · age_up castle |
| 23:57 | aoclearnarabia · first_building Monastery |
| 23:58 | Tk_Dael 14 · wall_segment Stone Wall x1 |
| 24:06 | Denosumab · first_market_buy 100 wood |
| 24:10 | Melonfighter · first_building Monastery |
| 24:19 | aoclearnarabia · first_building Barracks |
| 24:43 | aoclearnarabia · first_building Castle |
| 25:07 | Melonfighter · first_market_sell 100 food |
| 25:28 | aoclearnarabia · first_building Stable |
| 25:52 | Melonfighter · first_building Stable |
| 26:05 | XERSVIRUS · wall_segment Stone Wall x1 |
| 26:26 | XERSVIRUS · wall_segment Stone Wall x8 |
| 26:36 | XERSVIRUS · wall_segment Stone Wall x8 |
| 26:40 | XERSVIRUS · wall_segment Stone Wall x1 |
| 26:41 | XERSVIRUS · wall_segment Stone Wall x1 |
| 26:43 | XERSVIRUS · wall_segment Stone Wall x1 |
| 26:49 | Kn0wn · first_building Castle |
| 27:01 | InGodWeTrust · first_building Monastery |
| 27:03 | XERSVIRUS · wall_segment Stone Wall x4 |
| 27:06 | Melonfighter · first_building Siege Workshop |
| 27:20 | XERSVIRUS · wall_segment Stone Wall x1 |
| 27:22 | XERSVIRUS · wall_segment Stone Wall x1 |
| 27:29 | XERSVIRUS · wall_segment Stone Wall x1 |
| 27:59 | InGodWeTrust · first_building Siege Workshop |
| 28:03 | aoclearnarabia · age_up imperial |
| 28:18 | aoclearnarabia · first_building Siege Workshop |
| 28:29 | XERSVIRUS · wall_segment Stone Wall x8 |
| 28:47 | Kn0wn · first_building Monastery |
| 28:53 | Melonfighter · age_up imperial |
| 28:59 | XERSVIRUS · wall_segment Stone Wall x5 |
| 29:30 | InGodWeTrust · first_building Barracks |
| 29:40 | Kn0wn · first_building Archery Range |
| 29:43 | Kn0wn · first_building Stable |
| 29:43 | InGodWeTrust · wall_segment Stone Wall x11 |
| 29:46 | XERSVIRUS · first_building Castle |
| 29:50 | InGodWeTrust · wall_segment Stone Wall x9 |
| 29:55 | aoclearnarabia · first_market_sell 500 wood |
| 30:10 | InGodWeTrust · first_building Archery Range |
| 30:34 | Tk_Dael 14 · first_market_buy 100 food |
| 30:41 | InGodWeTrust · wall_segment Stone Wall x7 |
| 31:24 | InGodWeTrust · first_building Castle |
| 31:33 | Melonfighter · first_building Castle |
| 31:45 | InGodWeTrust · wall_segment Stone Wall x7 |
| 32:06 | XERSVIRUS · wall_segment Stone Wall x5 |
| 32:20 | Denosumab · wall_segment Palisade Wall x1 |
| 32:22 | InGodWeTrust · wall_segment Stone Wall x8 |
| 32:38 | Kn0wn · age_up imperial |
| 33:00 | InGodWeTrust · wall_segment Stone Wall x7 |
| 33:01 | XERSVIRUS · wall_segment Stone Wall x5 |
| 33:04 | InGodWeTrust · age_up imperial |
| 33:04 | Denosumab · age_up imperial |
| 33:32 | InGodWeTrust · wall_segment Stone Wall x8 |
| 34:03 | comastar · age_up imperial |
| 34:05 | XERSVIRUS · wall_segment Stone Wall x5 |
| 34:22 | InGodWeTrust · wall_segment Stone Wall x5 |
| 34:30 | InGodWeTrust · wall_segment Stone Wall x1 |
| 34:30 | InGodWeTrust · wall_segment Stone Wall x1 |
| 34:32 | InGodWeTrust · wall_segment Stone Wall x1 |
| 34:32 | InGodWeTrust · wall_segment Stone Wall x1 |
| 34:33 | InGodWeTrust · wall_segment Stone Wall x1 |
| 34:34 | InGodWeTrust · wall_segment Stone Wall x1 |
| 34:34 | InGodWeTrust · wall_segment Stone Wall x1 |
| 34:43 | Denosumab · first_building Castle |
| 34:54 | comastar · first_market_sell 100 food |
| 34:59 | XERSVIRUS · wall_segment Stone Wall x1 |
| 35:10 | comastar · wall_segment Stone Wall x1 |
| 35:12 | comastar · wall_segment Stone Wall x1 |
| 35:13 | XERSVIRUS · wall_segment Stone Wall x1 |
| 35:13 | comastar · wall_segment Stone Wall x1 |
| 37:47 | XERSVIRUS · wall_segment Stone Wall x6 |
| 37:54 | XERSVIRUS · wall_segment Stone Wall x7 |
| 38:02 | XERSVIRUS · age_up imperial |
| 38:05 | InGodWeTrust · wall_segment Stone Wall x4 |
| 38:39 | Melonfighter · wall_segment Stone Wall x9 |
| 38:44 | aoclearnarabia · resign |
[ AI ANALYSIS · 1 CREDIT ]
What really happened in this match?
Wolo.gg analyzes every decision: build order, eco, micro, common mistakes by bracket. Personalized analysis on WhatsApp or Discord in 30 seconds.
Civ guide
Japanese
Perfil
Jugador #2121463